 Dungeon Crawl Stone Soup version 0.29-a0-923-g6e406bff71 (webtiles) character file.

Game seed: 9577498787639078842

13925 funkygono the Arsonist (level 11, 0/79 HPs)
             Began as a Pale Draconian Fire Elementalist on July 27, 2022.
             Was an Elder of Vehumet.
             Slain by a seven-headed hydra (12 damage)
             ... on level 2 of the Lair of Beasts.
             The game lasted 00:31:51 (14132 turns).

funkygono the Arsonist (DrFE)                      Turns: 14132, Time: 00:31:52

Health: 0/79       AC: 18    Str: 11    XL:     11   Next: 82%
Magic:  18/25      EV: 13    Int: 20    God:    Vehumet [****..]
Gold:   611        SH:  0    Dex: 11    Spells: 2/30 levels left

rFire   + . .      SeeInvis .   i - +4 whip (elec)
rCold   x . .      Faith    .   (no shield)
rNeg    . . .      Spirit   .   (body armour unavailable)
rPois   .          Reflect  .   (helmet restricted)
rElec   .          Harm     .   g - +2 cloak
rCorr   .          Rampage  .   G - +0 pair of gloves
Will    .....                   F - +2 pair of boots
Stlth   ++........              h - amulet of regeneration
HPRegen 1.03/turn               b - +4 ring of protection
MPRegen 0.19/turn               q - ring of fire

@: no status effects
A: breathe steam, AC +7, unfitting armour, cold-blooded, steam resistance
a: Breathe Steam, Renounce Religion


You were on level 2 of the Lair of Beasts.
You worshipped Vehumet.
Vehumet was greatly pleased with you.
You visited 3 branches of the dungeon, and saw 13 of its levels.

You collected 938 gold pieces.
You spent 327 gold pieces at shops.

Inventory:

Hand Weapons
 d - a +2 scimitar of flaming
 i - a +4 whip of electrocution (weapon)
 u - the +9 whip of Virtue {vorpal, rC+++ MP+9 Int-2 Stlth-}
   (You took it off an orc on level 5 of the Dungeon)

   It inflicts extra damage upon your enemies.
   Int:       It affects your intelligence (-2).
   rC:        It renders you almost immune to cold.
   MP:        It affects your magic capacity (+9).
   Stlth:     It makes you less stealthy.
 C - a +3 whip of freezing
Missiles
 n - a throwing net
Armour
 g - a +2 cloak (worn)
 F - a +2 pair of boots (worn)
 G - a +0 pair of gloves (worn)
Magical Staves
 E - a staff of cold
Jewellery
 b - a +4 ring of protection (left hand)
 h - an amulet of regeneration (around neck)
 q - a ring of fire (right hand)
 v - an amulet of reflection
Wands
 p - a wand of paralysis (30)
 r - a wand of roots (8)
 t - a wand of mindburst (10)
 A - a wand of quicksilver (13)
 H - a wand of flame (8)
Scrolls
 e - 3 scrolls of poison
 l - 3 scrolls of amnesia
 s - 3 scrolls of magic mapping
Potions
 a - 7 potions of ambrosia
 c - 5 potions of curing
 j - a potion of brilliance
 k - 2 potions of mutation
 m - 3 potions of flight
 w - 2 potions of heal wounds
 x - a potion of resistance
 z - 2 potions of cancellation
 D - 2 potions of haste
 I - a potion of degeneration {unknown}


   Skills:
 + Level 2.3 Fighting
 + Level 3.3 Maces & Flails
 + Level 4.2 Dodging
 - Level 1.7 Stealth
 + Level 2.0 Shields
 + Level 10.2 Spellcasting
 + Level 7.3 Conjurations
 + Level 12.3 Fire Magic
 * Level 6.8 Air Magic


You had 2 spell levels left.
You knew the following spells:

 Your Spells              Type           Power      Damage    Failure   Level
a - Foxfire               Conj/Fire      100%       2x1d9     1%          1
b - Scorch                Fire           100%       2d10      1%          2
c - Conjure Flame         Conj/Fire      65%        6-21      1%          3
d - Flame Wave            Conj/Fire      65%        2d15      1%          4
e - Shock                 Conj/Air       100%       1d9       1%          1
f - Airstrike             Air            18%        0-7+      1%          4
g - Lightning Bolt        Conj/Air       19%        1d33      2%          5
h - Blink                 Tloc           20%        N/A       11%         2
i - Mephitic Cloud        Conj/Pois/Air  29%        N/A       1%          3
j - Ignite Poison         Fire/Tmut/Pois 40%        N/A       1%          3

Your spell library contained the following spells:

 Spells                   Type           Power      Damage    Failure   Level
 Poisonous Vapours        Pois/Air       46%        N/A       1%          2
 Inner Flame              Hex/Fire       51%        N/A       1%          3
 Summon Lightning Spire   Summ/Air       23%        N/A       17%         4
 Corpse Rot               Necr/Pois/Air  19%        N/A       26%         4
 Manifold Assault         Tloc           10%        N/A       88%         5
 Storm Form               Tmut/Air       11%        N/A       100%        7


Dungeon Overview and Level Annotations

Branches:
Dungeon (10/15)            Temple (1/1) D:7            Lair (2/5) D:8
    Orc (0/2) D:10
  Swamp: Lair:2-3    Shoals: Lair:2-3     Snake: Lair:2-3    Spider: Lair:2-3

Altars:
Ashenzari
Cheibriados
Dithmenos
Elyvilon
Fedhas
Gozag
Hepliaklqana
Kikubaaqudgha
Makhleb
Nemelex Xobeh
Okawaru
Qazlal
Ru
Sif Muna
Trog
Uskayaw
Vehumet
Wu Jian
Xom
Yredelemnul
Zin
The Shining One

Shops:
D:5 !   D:6 :   D:7 (   D:9 [

Annotations:
D:10 3 runed translucent doors, Brionac's ghost, novice GrBe; Vorhees's ghost, journeyman DjNe; eyesofgods1's ghost, novice DsGl; zurenarrh's ghost, novice VSFi


Innate Abilities, Weirdness & Mutations

You can breathe blasts of scalding, opaque steam.
Your pale cyan-grey scales are hard. (AC +7)
You cannot fit into any form of body armour.
You are cold-blooded and may be slowed by cold attacks.
You are immune to the effects of steam.


Message History

The seven-headed hydra misses you. x2
The seven-headed hydra barely misses you.
The seven-headed hydra bites you but does no damage.
The seven-headed hydra completely misses you.
The seven-headed hydra bites you.
Casting: Scorch (safe; 1% risk of failure)
Confirm with . or Enter, or press ? or * to list all spells.
You feel a surge of power!
You conjure some foxfire!
The seven-headed hydra closely misses you.
The seven-headed hydra bites you but does no damage.
The seven-headed hydra barely misses you.
The seven-headed hydra closely misses you.
The seven-headed hydra bites you! x2
* * * LOW HITPOINT WARNING * * *
The seven-headed hydra closely misses you.
Casting: Foxfire (safe; 1% risk of failure)
Confirm with . or Enter, or press ? or * to list all spells.
You feel a surge of power!
Flames lash the yak.
The yak is moderately wounded.
The yak's fire resistance burns away.
You hear a bellow!
The foxfire hits the seven-headed hydra!
The seven-headed hydra is burned terribly!
The seven-headed hydra is severely wounded.
The foxfire hits the bullfrog.
The bullfrog is lightly wounded.
The bullfrog closely misses you.
A yak comes into view.
The seven-headed hydra closely misses you.
The seven-headed hydra bites you but does no damage.
The seven-headed hydra bites you.
* * * LOW HITPOINT WARNING * * *
The seven-headed hydra bites you but does no damage. x4
The bullfrog misses you. The seven-headed hydra bites you.
* * * LOW HITPOINT WARNING * * *
The seven-headed hydra bites you but does no damage.
The seven-headed hydra barely misses you.
The seven-headed hydra closely misses you.
The seven-headed hydra bites you!
You die...

.>.8 .... ...##
###...#
##.....##
YY##...8...##
#.....ยง....##
#..8.F@..8..#
....Y.D.......#
....l..8.......
....#......?...
.8( ......#..8.
.. ##..8..#....
. #...... ...
#.....## ..


You could see a seven-headed hydra (combustible), a komodo dragon, 3 yaks and a
bullfrog.

Vanquished Creatures
  Erica (Lair:1)
  A centaur warrior (D:10)
  An ugly thing (D:9)
  2 cane toads (Lair:1)
  An unseen horror (D:10)
  2 komodo dragons (Lair:1)
  Maggie (Lair:1)
  A hornet (D:8)
  A queen bee (D:10)
  26 yaks
  A shadow (D:10)
  3 wyverns
  A vampire (D:9)
  A basilisk (Lair:1)
  An acid dragon (D:6)
  5 water moccasins
  6 orc warriors
  A black bear (D:7)
  A sky beast (D:8)
  4 ogres
  4 wolves (Lair:1)
  6 centaurs
  2 phantoms (D:4)
  2 kobold brigands
  2 gnoll sergeants
  8 bullfrogs
  A necrophage (D:5)
  3 scorpions
  4 wights (D:9)
  31 killer bees
  3 howler monkeys
  4 electric eels (Lair:1)
  5 hounds
  A gnoll bouda (D:8)
  4 orc priests
  6 hell rats (Lair:1)
  2 iguanas
  7 orc wizards
  12 gnolls
  5 adders
  A shadow imp (D:8)
  2 ufetubi
  A worm (D:5)
  2 dart slugs
  38 orcs
  4 bats (D:1)
  6 endoplasms
  5 giant cockroaches
  11 goblins
  9 hobgoblins
  4 jackals (D:1)
  4 quokkas
  10 ball pythons
  2 frilled lizards
  11 kobolds
  3 rats
286 creatures vanquished.

Vanquished Creatures (collateral kills)
  10 foxfires
10 creatures vanquished.

Vanquished Creatures (others)
  858 foxfires
  8 fungi (Lair:1)
  4 plants (Lair:1)
  2 withered plants (D:10)
872 creatures vanquished.

Grand Total: 1168 creatures vanquished

Notes
Turn   | Place    | Note
-------+----------+-------------------------------------------
     0 | D:1      | funkygono the Draconian Fire Elementalist began the quest
                  | for the Orb.
     0 | D:1      | Reached XP level 1. HP: 14/14 MP: 3/3
   183 | D:1      | Reached XP level 2. HP: 20/20 MP: 0/5
   186 | D:1      | Learned a level 2 spell: Scorch
   240 | D:1      | Found a faded altar of an unknown god.
   797 | D:1      | Reached XP level 3. HP: 26/26 MP: 2/6
   801 | D:1      | Learned a level 3 spell: Conjure Flame
  1358 | D:2      | Reached skill level 4 in Fire Magic
  2276 | D:3      | Reached XP level 4. HP: 33/33 MP: 3/7
  2606 | D:3      | Reached skill level 1 in Fighting
  3260 | D:4      | Noticed a phantom
  3266 | D:4      | Killed a phantom
  3267 | D:4      | Reached XP level 5. HP: 40/40 MP: 0/9
  3394 | D:4      | Noticed an ogre
  3399 | D:4      | Killed an ogre
  3590 | D:4      | Reached XP level 6. HP: 46/47 MP: 3/12
  3743 | D:4      | Learned a level 4 spell: Flame Wave
  3827 | D:4      | Found a stormy altar of Qazlal.
  3838 | D:4      | Reached skill level 5 in Fire Magic
  4187 | D:5      | Entered Level 5 of the Dungeon
  4262 | D:5      | Your scales start taking on a pale cyan-grey colour.
  4262 | D:5      | Reached XP level 7. HP: 52/52 MP: 2/14
  4262 | D:5      | Gained mutation: You are immune to the effects of steam.
                  | [Pale Draconian growth]
  4363 | D:5      | Found a shimmering altar of Xom.
  4366 | D:5      | Found a hide-covered altar of Uskayaw.
  4369 | D:5      | Found a snail-covered altar of Cheibriados.
  4370 | D:5      | Found a white marble altar of Elyvilon.
  4498 | D:5      | Reached skill level 6 in Fire Magic
  4683 | D:5      | Reached skill level 5 in Spellcasting
  4721 | D:5      | Identified the +9 whip of Virtue {vorpal, rC+++ MP+9 Int-2
                  | Stlth-}
  4725 | D:5      | Reached skill level 1 in Maces & Flails
  5022 | D:5      | Reached skill level 7 in Fire Magic
  5022 | D:5      | Reached XP level 8. HP: 59/59 MP: 9/16
  5076 | D:5      | Found Gits's Distillery.
  5081 | D:5      | Bought a potion of heal wounds for 55 gold pieces
  5801 | D:6      | Found Nopniuwn's Book Shoppe.
  6488 | D:7      | Reached skill level 8 in Fire Magic
  6596 | D:7      | Found a staircase to the Ecumenical Temple.
  6606 | Temple   | Entered the Ecumenical Temple
  6690 | Temple   | Became a worshipper of Vehumet
  6891 | D:7      | Reached XP level 9. HP: 27/64 MP: 4/19
  7186 | D:7      | Found Ceuchew's Weapon Emporium.
  7309 | D:7      | Reached skill level 5 in Conjurations
  7620 | D:7      | Learned a level 4 spell: Airstrike
  7626 | D:7      | Learned a level 5 spell: Lightning Bolt
  7670 | D:8      | Reached skill level 9 in Fire Magic
  7670 | D:8      | Reached skill level 1 in Air Magic
  7672 | D:8      | Reached skill level 1 in Shields
  7807 | D:8      | Reached * piety under Vehumet
  7807 | D:8      | Offered knowledge of Shock by Vehumet.
  7969 | D:8      | Found an ancient bone altar of Kikubaaqudgha.
  7969 | D:8      | Found a sacrificial altar of Ru.
  7969 | D:8      | Found an ornate altar of the Wu Jian Council.
  8037 | D:8      | Found a staircase to the Lair.
  8067 | D:8      | Learned a level 1 spell: Shock
  8762 | D:9      | Reached skill level 10 in Fire Magic
  8878 | D:9      | Noticed a red ugly thing
  8889 | D:9      | Killed a red ugly thing
  8890 | D:9      | Reached XP level 10. HP: 53/72 MP: 6/21
  9028 | D:9      | Found Osmugeej's Armour Shoppe.
  9137 | D:9      | Bought a +2 pair of boots for 214 gold pieces
  9137 | D:9      | Bought a +0 pair of gloves for 58 gold pieces
  9531 | D:9      | Learned a level 2 spell: Blink
 10060 | D:10     | Entered Level 10 of the Dungeon
 10060 | D:10     | Noticed a centaur warrior
 10067 | D:10     | Killed a centaur warrior
 10068 | D:10     | Reached skill level 11 in Fire Magic
 10400 | D:10     | Reached ** piety under Vehumet
 10401 | D:10     | Offered knowledge of Freeze by Vehumet.
 11006 | D:10     | Found a runed translucent gate.
 11006 | D:10     | Found a runed translucent gate.
 11006 | D:10     | Noticed eyesofgods1's ghost (novice DsGl)
 11006 | D:10     | Noticed Vorhees's ghost (journeyman DjNe)
 11006 | D:10     | Noticed Brionac's ghost (novice GrBe)
 11007 | D:10     | Found a runed translucent gate.
 11007 | D:10     | Noticed zurenarrh's ghost (novice VSFi)
 11044 | D:10     | Reached skill level 5 in Air Magic
 11044 | D:10     | Reached XP level 11. HP: 79/79 MP: 16/24
 11065 | D:10     | Offered knowledge of Mephitic Cloud by Vehumet.
 11267 | D:10     | Found a staircase to the Orcish Mines.
 11398 | D:10     | Reached *** piety under Vehumet
 11669 | D:10     | Learned a level 3 spell: Mephitic Cloud
 11854 | Lair:1   | Entered Level 1 of the Lair of Beasts
 11938 | Lair:1   | Noticed Erica
 11961 | Lair:1   | Killed Erica
 12384 | Lair:1   | Noticed Maggie
 12393 | Lair:1   | Killed Maggie
 12539 | Lair:1   | Offered knowledge of Ignite Poison by Vehumet.
 12557 | Lair:1   | Learned a level 3 spell: Ignite Poison
 12816 | Lair:1   | Reached skill level 10 in Spellcasting
 12816 | Lair:1   | Reached skill level 12 in Fire Magic
 14080 | Lair:1   | Reached **** piety under Vehumet
 14108 | Lair:2   | Noticed a seven-headed hydra
 14132 | Lair:2   | Slain by a seven-headed hydra

Illustrated notes

Levels and vault maps discovered:
D:1:      psy_arrival_dodecagon, layout_basic,
          dreamdust_ecumenical_altar_angels_and_demons,
          minmay_misc_feat_diagonals, chequers_serial_rivers_marsh
D:2:      layout_basic
D:3:      layout_loops_ring, skrybe_limestone_x
D:4:      layout_cave_pools, nicolae_qazlal_eye_of_the_storm, serial_park,
          serial_park_square2, serial_park_square2, serial_park_tiny_pond,
          serial_park_square3 [serial_park_minivault_5x5_8],
          chequers_serial_rivers_micro_c
D:5:      layout_loops_cross, minitemple, serial_shops, shop_fountains
D:6:      layout_layer_cave, serial_shops, nicolae_shop_crystal
D:7:      layout_basic, minmay_temple_entry_waves, serial_shops, shop_statue,
          minmay_strange_pillars
D:8:      layout_basic, gammafunk_temple_overflow_claw
D:9:      layout_stronghold, serial_shops, shop
D:10:     layout_rooms, david_orc_4, gammafunk_ghost_cemetery, special_room
          [special_room_bee], minmay_microvault
Temple:   compressed_dpeg_circular_temple
Lair:1:   layout_loops_ring, disabler_island, uniq_erica, uniq_maggie
Lair:2:   layout_roguey, gammafunk_ghost_ooze, grunt_megastairs_3,
          infiniplex_staircase_pool

Skill      XL: |  1  2  3  4  5  6  7  8  9 10 11 |
---------------+----------------------------------+-----
Dodging        | 2 3 4 |  4.2
Fire Magic     | 4 5 7 8 10 11 12 | 12.3
Fighting       | 1 2 |  2.3
Spellcasting   | 3 4 5 6 7 9 10 | 10.2
Conjurations   | 2 3 4 5 6 7 |  7.3
Maces & Flails | 1 2 3 |  3.3
Air Magic      | 3 5 6 |  6.8
Shields        | 1 2 |  2.0
Stealth        | |  1.7

Action                   |  1- 3 |  4- 6 |  7- 9 | 10-12 || total
-------------------------+-------+-------+-------+-------++-------
Melee: Unarmed           |     2 |       |       |       ||     2
       Tailslap          |     1 |     3 |     2 |    11 ||    17
       Whip              |     4 |    13 |    18 |    78 ||   113
 Cast: Foxfire           |    68 |    75 |   160 |   205 ||   508
       Scorch            |     4 |     8 |    29 |    59 ||   100
       Flame Wave        |       |       |     4 |    17 ||    21
       Airstrike         |       |       |       |     4 ||     4
       Lightning Bolt    |       |       |       |    12 ||    12
  Use: Scroll            |     9 |     4 |     9 |     5 ||    27
       Potion            |       |       |       |     1 ||     1
Armor: Skin              |    16 |     9 |    23 |   122 ||   170
Dodge: Dodged            |    24 |     9 |    46 |   128 ||   207
Block: Other             |       |       |    24 |    32 ||    56
       Reflection        |       |       |     2 |     1 ||     3

Table legend: (Time is in decaauts)
 A = Elapsed time spent in this place.
 B = Non-inter-level travel time spent in this place.
 C = Inter-level travel time spent in this place.
 D = Time resting spent in this place.
 E = Time spent auto-exploring this place.
 F = Levels seen in this place.
 G = Mean time per level.
                   A        B        C        D        E       F      G
               +--------+--------+--------+--------+--------+-----+--------+
         Total |  14136 |  13619 |    517 |   1142 |  10471 |  13 | 1087.4 |
       Dungeon |  11736 |  11291 |    445 |    817 |   8849 |  10 | 1173.6 |
        Temple |    123 |     94 |     29 |      0 |     75 |   1 |  123.0 |
          Lair |   2276 |   2235 |     41 |    325 |   1547 |   2 | 1138.0 |
               +--------+--------+--------+--------+--------+-----+--------+

Top non-repeatable levels by time:
  Lair:1: 2261 daAuts
    D:10: 1626 daAuts
     D:9: 1425 daAuts
     D:5: 1195 daAuts
     D:2: 1188 daAuts
     D:7: 1184 daAuts
     D:1: 1100 daAuts
     D:8: 1040 daAuts
     D:3: 1028 daAuts
     D:4: 975 daAuts
     D:6: 972 daAuts
  Temple: 123 daAuts
  Lair:2: 14 daAuts
